Map: Proxima Station LE

Players

SortOf

  • Race: Zerg Zerg
  • Spawn Location: 7:00

Snute - Winner!

  • Race: Zerg Zerg
  • Spawn Location: 1:00

Event: WCS Austin 2017

VOD

Have the link to the VOD?

Description

Time

  • Played on: April 28, 2017, 8:03 p.m.
  • Length: 8:19

All games in this series

Show
View Real Time Build Order
Export as new Build Order

SortOf Zerg 

Build Orders: Pool First 

Get SALT Encoding   

  12  0:00  Drone  
  13  0:14  Extractor  
  12  0:24  Spawning Pool  
  11  0:29  Drone  
  11  0:33  Drone  
  13  0:37  Drone  
  14  0:50  Overlord  
  14  1:10  Drone  
  15  1:11  Queen  
  17  1:18  Metabolic Boost  
  17  1:23  Zergling x2  
  18  1:29  Zergling x2  
  19  1:33  Zergling x2  
  20  1:40  Baneling Nest  
  20  1:43  Zergling x2  
  20  1:51  Overlord  
  20  1:59  Zergling x2  
  21  2:08  Zergling x2  
  22  2:17  Zergling x2  
  22  2:20  Zergling x6  
  26  2:32  Zergling x2  
  27  2:41  Overlord  
  27  2:50  Zergling x6  
  30  2:51  Baneling x2  
  30  2:54  Baneling  
  29  3:07  Zergling x2  
  29  3:08  Zergling x2  
  26  3:21  Drone  
  26  3:33  Drone  
  26  3:34  Drone x2  
  27  3:49  Hatchery  
  23  3:56  Drone x2  
  24  4:04  Drone x2  
  24  4:07  Drone  
  27  4:16  Drone  
  27  4:22  Hatchery  
  26  4:25  Drone  
  26  4:28  Drone  
  27  4:35  Drone x2  
  29  4:41  Overlord, Baneling x2  
  29  4:59  Queen  
  29  5:04  Drone x3  
  33  5:08  Zergling x2  
  33  5:09  Zergling x4  
  33  5:14  Zergling x4  
  36  5:22  Queen  
  36  5:25  Zergling x2  
  38  5:30  Drone  
  39  5:36  Drone x2  
  39  5:41  Drone x2  
  43  5:45  Overlord  
  43  5:48  Drone x2  
  45  5:56  Queen  
  46  5:58  Drone  
  46  6:01  Drone x2  
  49  6:07  Overlord  
  49  6:08  Drone  
  49  6:09  Drone x2  
  51  6:15  Drone x2  
  51  6:16  Drone x2  
  54  6:19  Drone  
  54  6:21  Lair  
  54  6:24  Extractor  
  53  6:27  Drone  
  53  6:29  Evolution Chamber  
  53  6:30  Drone  
  53  6:31  Drone  
  55  6:38  Drone x2  
  56  6:41  Roach Warren  
  56  6:42  Extractor  
  56  6:43  Zergling x4  
  56  6:44  Zergling x4  
  57  6:47  Drone  
  57  6:51  Drone x2  
  60  6:56  Drone x2  
  60  6:57  Drone  
  60  6:58  Drone, Extractor  
  63  7:02  Drone  
  63  7:05  Overlord  
  63  7:06  Drone x2  
  66  7:14  Extractor  
  66  7:15  Overlord, Hatchery  
  64  7:18  Drone x2  
  66  7:25  Roach x3  
  66  7:27  Roach  
  66  7:28  Overlord  
  74  7:32  Extractor  
  74  7:36  Roach  
  75  7:37  Roach x2  
  75  7:40  Overlord  
  75  7:43  Overlord  
  79  7:47  Roach x2  
  79  7:50  Roach x2  
  87  7:54  Overlord  
  87  7:56  Ravager  
  87  7:57  Ravager x2  
  87  7:58  Overlord  
  90  8:00  Ravager  
  90  8:03  Drone x3  
Show
View Real Time Build Order
Export as new Build Order

Snute Zerg - Winner!

Build Orders: Hatch First 

Get SALT Encoding   

  12  0:00  Drone  
  13  0:12  Overlord  
  13  0:17  Drone  
  14  0:30  Drone x2  
  14  0:35  Drone  
  17  0:52  Hatchery  
  17  0:55  Drone  
  17  1:08  Spawning Pool  
  17  1:10  Drone  
  17  1:14  Drone  
  18  1:34  Hatchery  
  18  1:36  Drone  
  18  1:40  Drone  
  18  1:43  Drone  
  20  1:55  Queen  
  22  2:04  Queen  
  22  2:05  Zergling x2  
  25  2:12  Overlord  
  25  2:15  Zergling x2  
  26  2:16  Zergling x2  
  27  2:30  Spine Crawler  
  27  2:32  Drone  
  28  2:38  Zergling x6  
  28  2:39  Spine Crawler  
  29  2:45  Queen  
  29  2:49  Zergling x2  
  32  2:54  Zergling x4  
  33  3:01  Queen  
  33  3:05  Zergling x2  
  34  3:11  Zergling x2  
  34  3:12  Zergling x2  
  33  3:21  Zergling x6  
  33  3:36  Queen  
  33  3:40  Queen  
  37  3:43  Overlord  
  37  3:54  Zergling x6  
  36  3:57  Drone x2  
  36  4:01  Drone  
  39  4:03  Drone  
  39  4:08  Drone x2  
  42  4:14  Drone  
  43  4:17  Drone  
  43  4:24  Drone x2  
  46  4:25  Drone  
  46  4:28  Drone  
  48  4:33  Overlord  
  48  4:36  Drone  
  48  4:38  Drone  
  50  4:44  Overlord  
  50  4:47  Drone, Extractor  
  50  4:48  Extractor  
  50  4:50  Drone  
  50  4:52  Drone x3  
  53  4:55  Drone x2  
  53  4:59  Drone x2  
  57  5:01  Drone  
  57  5:06  Drone x2  
  54  5:08  Drone  
  54  5:09  Drone  
  56  5:16  Drone x2  
  56  5:17  Drone  
  56  5:18  Drone  
  56  5:20  Drone  
  62  5:21  Drone  
  62  5:23  Drone  
  62  5:24  Drone  
  62  5:27  Drone  
  65  5:30  Drone  
  65  5:34  Drone  
  65  5:35  Lair  
  65  5:39  Evolution Chamber  
  64  5:42  Roach Warren  
  64  5:43  Drone  
  64  5:44  Drone  
  64  5:48  Overlord  
  64  5:49  Drone, Extractor  
  65  5:53  Overlord  
  65  6:00  Overlord x3  
  65  6:07  Drone x5  
  65  6:08  Drone  
  65  6:09  Drone  
  71  6:11  Drone  
  71  6:12  Drone  
  71  6:14  Drone  
  71  6:16  Drone  
  71  6:17  Overlord  
  73  6:19  Drone  
  73  6:20  Drone  
  73  6:21  Drone  
  73  6:23  Drone  
  73  6:24  Drone  
  78  6:27  Extractor  
  78  6:31  Drone x2  
  79  6:34  Glial Reconstitution  
  79  6:39  Drone x2  
  83  6:45  Extractor  
  82  6:47  Overlord  
  82  6:48  Overlord, Extractor  
  82  6:53  Roach x2  
  82  6:57  Roach  
  84  7:02  Overlord  
  84  7:03  Roach  
  84  7:07  Roach x3  
  92  7:11  Roach x4  
  92  7:12  Roach x2  
  104  7:17  Roach, Hatchery  
  104  7:18  Roach x2  
  109  7:25  Hatchery  
  109  7:26  Roach x2  
  109  7:27  Roach  
  115  7:34  Overlord  
  115  7:36  Roach x3  
  121  7:38  Roach x4  
  121  7:41  Overlord  
  129  7:44  Infestation Pit  
  129  7:45  Overlord  
  128  7:55  Roach x4  
  128  7:57  Overlord  
Tags
 
Add a new tag
Caveats
  • Supply blocks, unpowered buildings, or Contaminate may cause inaccurate times.
  • Supply counts are checked every 10 seconds.